 Dungeon Crawl Stone Soup version 0.30-b1-2-g02819fbbbe (webtiles) character file.

Game seed: 17721743346626238704

(classic levelgen) 101 EnegeticOcto the Shield-Bearer (level 4, 0/41 HPs)
             Began as a Minotaur Fighter on May 9, 2023.
             Slain by Crazy Yiuf
             ... wielding a +4 quarterstaff of chaos
              (5 damage)
             ... while petrified by Crazy Yiuf
             ... on level 2 of the Dungeon.
             The game lasted 00:00:58 (1612 turns).

EnegeticOcto the Shield-Bearer (Minotaur Fighter)   Turns: 1612, Time: 00:00:59

Health: 0/41       AC:  8    Str: 22    XL:     4   Next: 48%
Magic:  3/3        EV:  2    Int:  5    God:
Gold:   119        SH:  0    Dex: 10    Spells: 3/3 levels left

rFire   . . .        a - +0 war axe
rCold   . . .        c - +0 buckler
rNeg    + + +        b - +0 scale mail
rPois   ∞            (helmet restricted)
rElec   .            (no cloak)
rCorr   .            e - +0 pair of gloves
SInv    .            (no boots)
Will    .....        (no amulet) Stlth
                     (no ring)
HPRegen 0.26/turn    (no ring)
MPRegen 0.08/turn

%: no passive effects
@: mighty, petrified
A: horns 2, retaliatory headbutt
a: no special abilities


You were on level 2 of the Dungeon.
You visited 1 branch of the dungeon, and saw 2 of its levels.

You collected 119 gold pieces.

Inventory:

Hand Weapons
 a - a +0 war axe (weapon)
Armour
 b - a +0 scale mail (worn)
 c - a +0 buckler (worn)
 e - a +0 pair of gloves (worn)
   (You found it on level 1 of the Dungeon)
Scrolls
 i - 2 scrolls of teleportation {unknown}
 j - a scroll of acquirement {unknown}
 l - a scroll of enchant weapon {unknown}
 m - a scroll of enchant armour {unknown}
 n - 2 scrolls of identify {unknown}
 o - a scroll of blinking {unknown}
 p - a scroll of magic mapping {unknown}
 r - a scroll of fear {unknown}
 s - a scroll of vulnerability {unknown}
Potions
 d - 2 potions of might {@q3}
 f - a potion of magic {unknown}
 g - a potion of degeneration {unknown}
 h - 2 potions of haste {unknown}
 k - a potion of mutation {unknown}
 q - a potion of curing {unknown}


   Skills:
 + Level 4.3 Fighting
 * Level 4.1 Axes
 + Level 4.2 Armour
 + Level 4.3 Shields


You had 3 spell levels left.
You didn't know any spells.
Your spell library was empty.

Dungeon Overview and Level Annotations

Branches:
Dungeon (2/15)

Altars:

Annotations:
D:2 Crazy Yiuf


Innate Abilities, Weirdness & Mutations

You have a pair of horns on your head.
You reflexively headbutt those who attack you in melee.


Message History

You hit the bat.
You kill the bat!
No target in view!
No target in view!
No target in view!
No target in view!
No target in view!
No target in view!
No target in view!
You see here a bat corpse.
q - a pink potion A bat comes into view.
You see here a scroll labelled NUFEKHL DOUMENIAZU.
A bat is nearby!
A bat is nearby!
You block the bat's attack.
You hit the bat.
You kill the bat!
No target in view!
No target in view!
No target in view!
No target in view!
No target in view!
r - a scroll labelled NUFEKHL DOUMENIAZU
Found 5 stones.
You see here 5 stones.
An endoplasm comes into view.
The endoplasm quivers.
An endoplasm is nearby!
An endoplasm is nearby!
An endoplasm is nearby!
The endoplasm freezes you.
You are frozen.
You slash the endoplasm!
You kill the endoplasm!
No target in view!
No target in view!
No target in view!
No target in view!
Found a stone staircase leading up.
A worm comes into view.
A worm is nearby!
You barely miss the worm. The worm bites you but does no damage.
You slash the worm!
The worm is severely wounded.
The worm bites you but does no damage.
You barely miss the worm.
The worm is severely wounded.
The worm bites you.
You slash the worm!
You kill the worm!
There is a stone staircase leading down here.
s - a scroll labelled FYALOV SIEH A ball python comes into view.
The ball python hisses angrily.
The ball python moves out of view.
The ball python barely misses you. The ball python misses you.
You closely miss the ball python. Your headbutt misses the ball python.
The ball python bites you. The ball python barely misses you.
The ball python bites you but does no damage.
The ball python barely misses you.
You hit the ball python. You headbutt the ball python.
You kill the ball python!
No target in view!
No target in view!
No target in view!
You see here a +0 club.
You see here a +0 dagger.
Crazy Yiuf shouts!
Crazy Yiuf cries, "Cholesterol alas bush!"
Could not explore, unopened runed door.
Could not explore, unopened runed door.
You open the door. You hit Crazy Yiuf.
Crazy Yiuf is moderately wounded.
Crazy Yiuf closely misses you.
Crazy Yiuf hits you with a +4 quarterstaff of chaos!
Crazy Yiuf freezes you.
You hit Crazy Yiuf but do no damage.
Crazy Yiuf is moderately wounded.
Crazy Yiuf yells, "Spliff!
Buddy spinner cower."
Crazy Yiuf hits you with a +4 quarterstaff of chaos.
You are slowing down.
You closely miss Crazy Yiuf.
Crazy Yiuf is moderately wounded.
Crazy Yiuf barely misses you. You furiously retaliate!
You headbutt Crazy Yiuf. You block Crazy Yiuf's attack.
You have turned to stone.
Crazy Yiuf hits you with a +4 quarterstaff of chaos.
You feel very mighty all of a sudden.
Crazy Yiuf hits you with a +4 quarterstaff of chaos.
You are electrocuted!!
Crazy Yiuf hits you with a +4 quarterstaff of chaos!
* * * LOW HITPOINT WARNING * * *
Crazy Yiuf burns you.
* * * LOW HITPOINT WARNING * * *
Crazy Yiuf hits you with a +4 quarterstaff of chaos!
* * * LOW HITPOINT WARNING * * *
Crazy Yiuf yells, "Papa!"
Crazy Yiuf hits you with a +4 quarterstaff of chaos!
You die...

#.#..........##################
#.#.###...................#
###....##...###############.#
.........#### #.# .#.)...###
#.# .........# ###.# .#....####
### ♣♣##...# .##.#.# #)..#♣♣
♣♣.....## .##.#.####
#...g@♣♣♣♣PP....# .##......#
#...#♣..♣.P....## .##.....##
### ♣♣♣.♣....## .##......#
♣♣♣♣♣########## .##......#
#........ .##......#### ####
########### .........#..#
#..####.## ........(...#
#..†.>...# ............#
#..####..#


You could see Crazy Yiuf.

Vanquished Creatures
  Robin (D:2)
  A gnoll (D:1)
  2 adders (D:2)
  A worm (D:2)
  A dart slug (D:2)
  7 ball pythons
  5 endoplasms
  A giant cockroach (D:2)
  12 goblins
  8 hobgoblins
  4 jackals
  2 quokkas
  2 bats (D:2)
  2 frilled lizards (D:1)
  2 kobolds (D:2)
  5 rats
56 creatures vanquished.

Notes
Turn   | Place    | Note
-------+----------+-------------------------------------------
     0 | D:1      | EnegeticOcto the Minotaur Fighter began the quest for the
                  | Orb.
     0 | D:1      | Reached XP level 1. HP: 19/19 MP: 0/0
   153 | D:1      | Reached XP level 2. HP: 15/27 MP: 1/1
   481 | D:1      | Reached XP level 3. HP: 30/33 MP: 2/2
   717 | D:2      | Noticed Robin
   738 | D:2      | Killed Robin
   847 | D:2      | Reached XP level 4. HP: 22/40 MP: 3/3
   966 | D:2      | Found a runed translucent door.
   967 | D:2      | Noticed Crazy Yiuf
  1612 | D:2      | Slain by Crazy Yiuf

Illustrated notes

Levels and vault maps discovered:
D:1:      lemuel_arrival_broad_hall, layout_rooms
D:2:      layout_loops_ring, uniq_robin, uniq_crazy_yiuf_cottage

Skill      XL: |  1  2  3  4 |
---------------+-------------+-----
Axes           | 3 4 |  4.1
Fighting       | 4 |  4.3
Armour         | 4 |  4.2
Shields        | 4 |  4.3

Action                     |  1- 3 |  4- 6 || total
---------------------------+-------+-------++-------
  Melee: War axe           |    77 |    39 ||   116
         Headbutt          |     8 |     2 ||    10
 Armour: Scale mail        |    38 |    17 ||    55
  Dodge: Dodged            |    45 |    14 ||    59
  Block: Buckler           |    25 |     7 ||    32
